Map: Eternal Empire LE

Players

BerryRAWR - Winner!

  • Race: Terran Terran
  • League: Grandmaster
  • Spawn Location: 1:00

WinkyFace

  • Race: Zerg Zerg
  • League: Master
  • Spawn Location: 7:00

VOD

Have the link to the VOD?

Description

Time

  • Played on: Feb. 29, 2020, 3:45 a.m.
  • Length: 22:39
Show
View Real Time Build Order
Export as new Build Order

BerryRAWR Terran - Winner!

Build Orders: Gas First Reaper Expand, Liberator Opening 

Get SALT Encoding   

  12  0:00  SCV  
  13  0:12  SCV  
  14  0:18  Supply Depot  
  14  0:25  SCV  
  15  0:35  Refinery  
  15  0:40  SCV  
  16  0:45  Barracks  
  16  0:52  SCV  
  17  1:04  SCV  
  18  1:16  SCV  
  19  1:33  Reaper, Orbital Command  
  20  1:43  Command Center  
  20  1:54  Factory  
  20  1:59  SCV  
  21  2:11  SCV, Barracks Reactor  
  22  2:15  Supply Depot  
  22  2:16  Refinery  
  22  2:23  SCV  
  23  2:37  SCV  
  24  2:45  Starport  
  24  2:49  SCV  
  25  2:52  Hellion x2  
  25  2:55  Marine  
  30  3:01  SCV, Orbital Command  
  31  3:13  SCV  
  31  3:18  Supply Depot, Hellion  
  34  3:23  Hellion  
  34  3:25  SCV  
  37  3:29  SCV  
  37  3:31  Liberator  
  41  3:37  SCV  
  41  3:41  SCV  
  43  3:42  Supply Depot  
  43  3:49  SCV  
  43  3:50  Hellion x2  
  43  3:53  SCV  
  49  4:02  SCV  
  50  4:05  SCV  
  50  4:09  Command Center  
  51  4:12  Barracks Tech Lab  
  51  4:19  Liberator  
  51  4:20  SCV  
  51  4:21  SCV  
  56  4:24  Factory Tech Lab  
  56  4:31  Supply Depot  
  56  4:32  SCV  
  56  4:33  SCV  
  58  4:44  SCV, Siege Tank  
  58  4:45  Stimpack  
  62  4:53  SCV, Supply Depot, Marauder  
  62  4:55  Bunker  
  64  5:06  SCV  
  65  5:10  SCV  
  66  5:14  Marine  
  66  5:16  Engineering Bay  
  66  5:17  Barracks  
  66  5:18  SCV, Barracks, Siege Tank  
  66  5:20  Engineering Bay  
  67  5:29  Orbital Command  
  67  5:32  Marine  
  57  5:45  SCV x2  
  57  5:54  Siege Tank  
  57  5:55  SCV  
  53  5:57  SCV  
  53  5:58  SCV  
  53  6:07  SCV  
  53  6:09  SCV  
  53  6:10  SCV, Terran Infantry Weapons Level 1  
  56  6:18  Supply Depot  
  56  6:19  SCV  
  56  6:22  SCV x2  
  56  6:25  Barracks Reactor  
  59  6:26  Siege Tank  
  59  6:31  SCV, Marine  
  59  6:32  Marine x2  
  66  6:34  SCV x2  
  66  6:36  Terran Infantry Armor Level 1  
  68  6:43  SCV  
  68  6:46  SCV, Refinery x2  
  70  6:49  Marine  
  70  6:50  SCV, Supply Depot  
  70  6:53  Starport Reactor  
  72  6:55  SCV  
  72  6:59  Marine x2  
  72  7:01  SCV, Barracks  
  76  7:02  Barracks  
  76  7:07  Marine, Siege Tank  
  80  7:10  Orbital Command  
  80  7:15  SCV x2  
  82  7:20  Armory, Marine x2  
  82  7:21  Marine  
  85  7:24  Marine  
  85  7:25  Marine  
  85  7:27  Supply Depot  
  87  7:30  SCV  
  87  7:31  SCV  
  89  7:37  SCV  
  89  7:38  Marine x2  
  89  7:42  Marine  
  93  7:44  Supply Depot  
  93  7:45  Supply Depot  
  93  7:48  SCV, Medivac x2, Marine x2  
  93  7:49  SCV  
  93  7:50  Barracks Reactor x2  
  101  8:00  Supply Depot x2  
  101  8:05  SCV x3, Marine x3  
  101  8:06  Combat Shield  
  101  8:08  Supply Depot  
  107  8:15  Terran Vehicle Weapons Level 1  
  107  8:16  Marine x2  
  107  8:18  SCV x3  
  112  8:24  Marine  
  112  8:25  Marine x2  
  119  8:30  SCV x3  
  119  8:33  Marine  
  119  8:34  Marine  
  124  8:35  Terran Infantry Weapons Level 2  
  120  8:41  Supply Depot, Terran Infantry Armor Level 2  
  120  8:42  SCV x3  
  120  8:43  Supply Depot, Marine x3  
  120  8:45  Supply Depot, Marine x3  
  129  8:54  SCV x3  
  128  9:00  Marine  
  117  9:06  SCV, Marine  
  117  9:08  Marine x2  
  117  9:09  Siege Tank  
  102  9:10  Marine x2  
  102  9:11  Marine x2  
  102  9:12  Marauder  
  102  9:16  SCV x2  
  107  9:18  Factory  
  107  9:19  Refinery  
  107  9:20  Refinery  
  107  9:22  Marine  
  107  9:24  Marine  
  108  9:25  Concussive Shells  
  108  9:26  Medivac, Marine  
  108  9:27  Marine  
  108  9:29  Marine  
  108  9:30  Marine x2  
  108  9:31  Marine  
  116  9:33  Marine  
  118  9:39  Supply Depot  
  118  9:40  Marine  
  118  9:41  Siege Tank  
  118  9:42  Marine  
  118  9:43  Marine  
  118  9:44  Medivac  
  118  9:45  Marine  
  127  9:47  Marine  
  127  9:48  Marine x2  
  127  9:49  Marine  
  127  9:51  Marine  
  132  9:54  Supply Depot  
  132  9:55  Supply Depot  
  132  9:56  Medivac  
  132  9:58  Marine  
  132  9:59  Marine  
  135  10:01  Marine  
  135  10:02  Marine  
  135  10:06  Marine  
  127  10:16  Marine x3  
  127  10:17  Medivac  
  132  10:26  Medivac  
  134  10:28  Factory Tech Lab  
  134  10:29  Supply Depot  
  134  10:34  Marine x3  
  134  10:35  Command Center, Marine  
  137  10:37  Marine x4  
  137  10:38  Marine  
  137  10:40  Siege Tank  
  137  10:41  Terran Vehicle Weapons Level 2  
  146  10:45  Supply Depot x2  
  146  10:47  Medivac, Supply Depot  
  148  10:52  Supply Depot, Marine x2  
  148  10:54  Marine  
  151  11:02  Marine  
  151  11:09  Marine  
  152  11:17  Marine  
  152  11:18  Marauder, Marine  
  132  11:28  Siege Tank  
  132  11:29  Marine x5  
  132  11:30  Marine  
  140  11:33  Terran Infantry Weapons Level 3, Terran Infantry Armor Level 3  
  140  11:36  Barracks x2  
  140  11:37  SCV  
  140  11:38  Barracks  
  140  11:39  Marauder  
  142  11:40  Supply Depot  
  142  11:41  Medivac  
  142  11:42  Medivac  
  142  11:45  Marine x2  
  145  11:47  Marine x2  
  145  11:48  Marine  
  145  11:49  Marine  
  149  11:58  Supply Depot  
  149  12:00  Marine x2  
  149  12:03  Siege Tank  
  149  12:04  Marine  
  149  12:05  Marine  
  159  12:13  SCV  
  159  12:14  SCV x2  
  162  12:21  Supply Depot  
  157  12:25  Command Center  
  157  12:27  Marine, Siege Tank  
  114  12:46  Marine  
  109  12:53  Marine  
  92  12:59  Siege Tank  
  92  13:00  Marine x4  
  92  13:01  Marine x4  
  99  13:07  Marine x3  
  99  13:09  Planetary Fortress  
  99  13:11  Marine  
  97  13:17  Marine, Siege Tank  
  95  13:20  SCV x2  
  95  13:25  Marine  
  95  13:26  Marauder  
  100  13:27  Marine x2  
  100  13:32  SCV  
  98  13:38  Marine x2  
  98  13:39  Marine  
  97  13:45  Orbital Command  
  91  13:49  Marine x5  
  91  13:50  Marine  
  91  13:51  SCV, Marine x2  
  91  13:52  SCV  
  101  14:00  Siege Tank  
  101  14:01  Siege Tank  
  107  14:03  Marine x4  
  107  14:04  SCV x2  
  107  14:07  Marine x5  
  107  14:08  Marine  
  107  14:09  Marine  
  120  14:10  Marine  
  120  14:14  Supply Depot  
  120  14:15  SCV  
  120  14:16  SCV x2  
  124  14:20  Marine  
  124  14:24  Orbital Command  
  103  14:32  Siege Tank  
  103  14:34  Marine x3, Siege Tank  
  103  14:35  Marauder, Marine x5  
  103  14:36  Marine  
  103  14:37  SCV  
  120  14:48  SCV  
  120  14:49  SCV x2  
  120  14:51  SCV, Bunker  
  124  14:56  Marauder  
  126  15:01  SCV x2  
  126  15:03  Marine  
  126  15:05  SCV  
  130  15:13  Marine x4  
  134  15:14  Marine x2, Barracks Tech Lab  
  134  15:15  Barracks Tech Lab  
  134  15:17  Marauder, Marine x2  
  134  15:18  Siege Tank  
  134  15:19  Siege Tank  
  134  15:20  Medivac, Marine  
  149  15:24  Supply Depot  
  149  15:31  Marine  
  147  15:36  Marine x4  
  147  15:37  Marine x2  
  147  15:38  Marine  
  147  15:39  Medivac, Marauder  
  158  15:45  Marine  
  158  15:48  Marine  
  158  15:49  Marauder, Marine  
  163  15:50  Medivac  
  163  15:51  Siege Tank x2  
  163  15:52  Supply Depot x2  
  163  15:54  Marine x2  
  173  15:59  Marine x3  
  173  16:00  Marauder, Marine  
  163  16:29  Marine  
  163  16:30  Thor x2  
  170  16:33  Viking x2  
  158  16:54  Command Center  
  135  17:20  Marauder, Marine  
  135  17:22  Marine  
  139  17:29  Marine  
  132  17:31  Marine  
  132  17:32  Marine  
  132  17:33  Command Center  
  132  17:36  Refinery x3  
  123  17:39  Marine  
  123  17:40  Marine x5  
  123  17:41  Marauder x2, Marine  
  134  17:47  Marine  
  131  17:54  Marine  
  131  17:56  SCV x2  
  128  18:02  Refinery, Marine x4  
  128  18:03  Marauder, Marine x5  
  128  18:04  SCV, Marine  
  139  18:11  Marine  
  140  18:19  Thor  
  140  18:20  Marine x5  
  140  18:21  Marauder, Marine x3  
  140  18:22  Marine  
  140  18:24  Marine  
  158  18:29  Marine  
  158  18:37  Thor  
  158  18:38  Marine x7  
  158  18:39  Marine  
  171  18:42  Marine x3  
  171  18:47  Marine  
  175  18:57  Marauder, Marine x3  
  180  19:03  Viking  
  166  19:27  Marine  
  160  19:43  Orbital Command  
  160  19:45  Medivac x2  
  164  19:47  Marine x2  
  164  19:48  Thor  
  164  19:49  Thor  
  178  19:57  Planetary Fortress  
  178  20:04  Marine x2  
  175  20:08  Marine  
  175  20:10  Marine  
  174  20:17  Orbital Command  
  174  20:31  SCV x2, Thor  
  174  20:33  SCV  
  177  20:37  Marine x2  
  177  20:43  SCV x2  
  177  20:45  SCV  
  178  20:55  Thor  
  183  20:59  Marine x2  
  183  21:02  Marine  
  186  21:17  Siege Tank  
  189  21:19  Viking  
  189  21:25  Medivac  
  193  21:31  Marauder, Marine  
  196  21:35  Marine  
  196  21:46  Marine x2  
  196  21:51  Marauder, Marine x2  
  139  22:24  SCV  
  139  22:25  SCV  
Show
View Real Time Build Order
Export as new Build Order

WinkyFace Zerg 

Build Orders: Hatch First 

Get SALT Encoding   

  12  0:01  Drone  
  13  0:12  Overlord  
  13  0:17  Drone  
  14  0:30  Drone x2  
  16  0:49  Hatchery  
  15  0:52  Drone  
  15  0:56  Drone  
  17  0:59  Drone  
  18  1:09  Extractor  
  17  1:15  Spawning Pool  
  17  1:18  Drone  
  17  1:21  Drone  
  18  1:27  Drone  
  19  1:38  Drone  
  20  1:49  Drone  
  21  2:02  Queen x2  
  21  2:03  Zergling x4  
  27  2:17  Hatchery  
  27  2:22  Overlord  
  26  2:26  Metabolic Boost  
  26  2:28  Drone  
  27  2:34  Drone  
  28  2:42  Queen  
  30  2:47  Drone x2  
  32  2:54  Overlord, Drone  
  32  2:55  Drone  
  32  2:58  Drone  
  35  3:01  Drone  
  36  3:11  Overlord  
  36  3:12  Drone x3  
  39  3:15  Drone  
  40  3:22  Drone  
  40  3:23  Drone  
  42  3:31  Drone x3  
  45  3:36  Roach Warren, Extractor  
  43  3:42  Zergling x6  
  46  3:54  Overlord  
  46  4:00  Overlord  
  46  4:17  Roach  
  46  4:18  Roach x8  
  46  4:22  Roach  
  66  4:24  Zergling x2  
  66  4:25  Zergling x10  
  72  4:33  Overlord  
  72  4:40  Zergling x2  
  72  4:41  Zergling x2  
  72  4:44  Overlord  
  74  4:50  Overlord  
  74  4:57  Zergling x16  
  74  4:58  Overlord  
  79  5:07  Spore Crawler  
  79  5:10  Spore Crawler  
  79  5:12  Ravager x2  
  79  5:13  Ravager  
  71  5:36  Drone x12  
  71  5:42  Drone x2  
  70  5:45  Drone  
  60  5:54  Spore Crawler, Drone x2  
  51  5:59  Drone x2  
  46  6:05  Drone x3  
  46  6:10  Drone x2  
  46  6:11  Drone  
  49  6:16  Drone x2  
  51  6:20  Drone x2  
  51  6:22  Drone  
  51  6:24  Drone  
  54  6:27  Drone  
  54  6:32  Drone x2  
  57  6:37  Lair  
  57  6:40  Drone  
  57  6:41  Drone  
  57  6:44  Drone x2  
  61  6:53  Roach x2  
  65  6:57  Extractor  
  65  7:00  Drone x7  
  71  7:03  Extractor  
  71  7:04  Drone x2, Extractor  
  71  7:06  Extractor  
  71  7:07  Drone  
  71  7:11  Evolution Chamber x2  
  71  7:12  Drone  
  70  7:17  Roach  
  72  7:24  Roach x2  
  72  7:27  Drone  
  72  7:29  Roach x4  
  85  7:32  Queen  
  85  7:37  Roach x2  
  91  7:38  Ravager x3  
  91  7:41  Zerg Missile Weapons Level 1, Zerg Ground Armor Level 1, Glial Reconstitution  
  94  7:44  Drone  
  94  7:48  Roach  
  94  7:50  Overlord x2  
  97  7:56  Overlord x2  
  97  8:02  Overseer  
  97  8:05  Drone  
  97  8:08  Overlord  
  97  8:10  Roach x4  
  97  8:12  Ravager x2  
  108  8:16  Overseer  
  108  8:18  Roach  
  110  8:22  Roach  
  110  8:23  Roach x2  
  116  8:29  Roach x3  
  126  8:34  Hatchery, Roach x3  
  126  8:37  Roach x2  
  126  8:39  Roach  
  133  8:41  Ravager  
  133  8:42  Ravager x2  
  134  8:48  Roach  
  134  8:49  Roach  
  126  9:03  Roach  
  126  9:04  Roach x5  
  124  9:10  Roach x3  
  124  9:13  Ravager  
  124  9:14  Ravager x2  
  124  9:16  Ravager  
  132  9:17  Drone  
  132  9:22  Roach x2  
  137  9:27  Overlord x4  
  137  9:31  Pneumatized Carapace  
  137  9:39  Zergling x2  
  137  9:40  Overlord x2  
  137  9:43  Zerg Missile Weapons Level 2  
  138  9:51  Roach x6  
  150  9:59  Baneling Nest  
  127  10:08  Roach  
  127  10:09  Roach x7  
  124  10:18  Drone x5  
  129  10:21  Zerg Melee Weapons Level 1  
  129  10:24  Zergling x12  
  135  10:30  Zergling x2  
  135  10:31  Zergling x8  
  135  10:34  Unknown  
  135  10:35  Drone x3  
  142  10:45  Drone x4  
  146  10:55  Baneling x5  
  146  10:57  Baneling x5  
  144  11:03  Centrifical Hooks  
  143  11:05  Zergling x24  
  152  11:16  Zergling x2  
  152  11:17  Zergling x8  
  139  11:26  Zergling x18  
  139  11:31  Baneling x6  
  141  11:32  Zergling x2  
  141  11:33  Zergling x2  
  141  11:36  Lair, Queen  
  143  11:43  Zergling x8  
  144  11:51  Infestation Pit  
  143  11:55  Zergling x16  
  143  11:59  Zerg Ground Armor Level 2, Baneling  
  143  12:00  Baneling x9  
  151  12:01  Baneling x2  
  151  12:02  Baneling  
  151  12:03  Baneling  
  151  12:05  Ravager x5  
  151  12:06  Ravager  
  157  12:09  Zergling x6  
  157  12:14  Drone x2  
  162  12:22  Baneling x11  
  136  12:37  Zergling x8  
  136  12:38  Zergling x16  
  132  12:44  Zergling x12  
  136  12:52  Zergling x2  
  136  12:53  Zergling x6  
  133  13:00  Zergling x2  
  133  13:01  Zergling x2  
  130  13:11  Zergling x10  
  134  13:14  Hive  
  134  13:15  Zerg Melee Weapons Level 2  
  134  13:16  Spire  
  134  13:18  Baneling x4  
  134  13:19  Baneling x3  
  127  13:21  Baneling x5  
  127  13:24  Zergling x6  
  127  13:25  Zergling x8  
  130  13:37  Zergling x2  
  115  13:42  Hatchery  
  100  13:50  Zergling x18  
  100  13:51  Zergling x4  
  100  13:54  Zergling x6  
  114  13:59  Zergling x2  
  110  14:03  Baneling x10  
  110  14:04  Baneling x6  
  110  14:05  Zergling x6  
  113  14:11  Zergling x6  
  113  14:16  Drone x6  
  122  14:23  Hatchery  
  99  14:33  Zergling x4  
  99  14:34  Zergling x6  
  99  14:37  Baneling x2  
  99  14:38  Baneling x4  
  101  14:40  Greater Spire  
  101  14:42  Extractor  
  101  14:43  Zergling x4  
  101  14:44  Zergling x14  
  105  14:46  Adrenal Glands  
  105  14:49  Zerg Ground Armor Level 3  
  105  14:50  Zergling x2  
  105  14:51  Zergling x4  
  107  14:53  Zergling x2  
  107  14:56  Zergling x4  
  110  15:00  Zergling x2, Corruptor  
  110  15:06  Corruptor  
  113  15:07  Corruptor  
  113  15:12  Baneling x6  
  113  15:13  Baneling  
  115  15:22  Corruptor x2  
  115  15:23  Zergling x4  
  115  15:24  Zergling x2  
  116  15:38  Zergling x24  
  116  15:39  Zergling x2  
  129  15:47  Corruptor  
  129  15:48  Corruptor  
  137  15:57  Brood Lord x3  
  137  16:01  Brood Lord  
  139  16:05  Brood Lord  
  134  16:12  Corruptor x2  
  134  16:14  Zergling x4  
  124  16:25  Zergling x2  
  124  16:26  Zergling x18  
  124  16:31  Brood Lord  
  133  16:33  Brood Lord  
  133  16:37  Zergling x6  
  133  16:38  Zergling x2  
  134  16:49  Zerg Flyer Weapons Level 1  
  134  16:52  Zergling x18  
  140  17:00  Zergling x2  
  140  17:01  Zergling x10  
  136  17:11  Zergling x10  
  129  17:17  Brood Lord x2  
  129  17:21  Zergling x10  
  128  17:28  Zergling x8  
  119  17:37  Drone x4  
  119  17:38  Drone  
  107  17:54  Zergling x10  
  107  17:55  Zergling x8  
  104  18:04  Zerg Melee Weapons Level 3  
  104  18:12  Zergling x18, Ultralisk Cavern  
  112  18:15  Baneling x14  
  112  18:18  Burrow  
  112  18:21  Zergling x6  
  111  18:46  Zergling x26  
  122  18:50  Baneling x2  
  122  18:51  Baneling x8  
  122  18:58  Hatchery, Chitinous Plating  
  121  19:04  Zergling x2  
  121  19:05  Zergling x16  
  124  19:18  Zergling x2  
  124  19:19  Zergling x14  
  124  19:26  Ultralisk  
  124  19:29  Zergling x2  
  124  19:30  Zergling x6  
  131  19:31  Unknown  
  123  19:48  Ultralisk x2  
  123  19:50  Zergling x18  
  144  19:57  Zergling x2  
  144  19:58  Zergling x8  
  149  20:05  Baneling x5  
  149  20:06  Baneling x5  
  149  20:17  Anabolic Synthesis  
  141  20:35  Baneling  
  141  20:36  Baneling x8  
  141  20:38  Zergling x20  
  141  20:39  Zergling x2  
  148  20:45  Zergling x4  
  148  20:47  Overlord x3  
  146  20:52  Extractor x2  
  143  21:05  Hatchery  
  139  21:11  Ultralisk x2  
  139  21:12  Zergling x2, Ultralisk  
  139  21:13  Zergling x4  
  155  21:24  Baneling x14  
  148  21:43  Zergling x24  
  155  21:51  Corruptor  
  156  22:06  Zergling x22  
  141  22:11  Zergling x2  
  96  22:19  Zergling x10  
Tags
 
Add a new tag
Caveats
  • Supply blocks, unpowered buildings, or Contaminate may cause inaccurate times.
  • Supply counts are checked every 10 seconds.